 Dungeon Crawl Stone Soup version 0.32-a0-913-g739538afd8 (webtiles) character file.

Game seed: 2232631426332160707

37 gameguard the Trooper (level 3, 0/28 HPs)
             Began as a Demonspawn Warper on Apr 9, 2024.
             Was an Initiate of Nemelex Xobeh.
             Slain by a gnoll
             ... wielding a +0 halberd
              (16 damage)
             ... on level 2 of the Dungeon.
             The game lasted 00:09:32 (1616 turns).

gameguard the Trooper (Demonspawn Warper)           Turns: 1616, Time: 00:09:32

Health: 0/28       AC:  3    Str: 11    XL:     3   Next: 21%
Magic:  6/6        EV: 10    Int: 13    God:    Nemelex Xobeh [......]
Gold:   84         SH:  0    Dex: 14    Spells: 6/6 levels left

rFire   . . .        a - +0 falchion
rCold   . . .        (no shield)
rNeg    . . .        b - +0 leather armour
rPois   .            (no helmet)
rElec   .            (no cloak)
rCorr   .            (no gloves)
SInv    .            (no boots)
Will    .....        (no amulet)
Stlth   +            (no ring)
HPRegen 0.24/turn    (no ring)
MPRegen 0.20/turn

%: no passive effects
@: no status effects
A: magic regeneration, demonic touch 1
a: Renounce Religion, Draw Escape, Draw Destruction, Draw Summoning


You were on level 2 of the Dungeon.
You worshipped Nemelex Xobeh.
Nemelex Xobeh was noncommittal.
You visited 2 branches of the dungeon, and saw 5 of its levels.

You collected 104 gold pieces.
You spent 20 gold pieces at shops.

Inventory:

Hand Weapons
 a - a +0 falchion (weapon)
Missiles
 d - 7 darts of dispersal (quivered)
Armour
 b - a +0 leather armour (worn)
 e - a +0 chain mail
Scrolls
 h - a scroll of poison {unknown}
 i - a scroll of teleportation
Potions
 f - 2 potions of haste


   Skills:
 + Level 2.8 Fighting
 * Level 2.8 Long Blades
 - Level 0.8 Throwing
 - Level 0.8 Armour
 - Level 1.7 Dodging
 - Level 2.0 Spellcasting
 - Level 2.6 Translocations


You had 6 spell levels left.
You didn't know any spells.
Your spell library contained the following spells:

 Spells                   Type           Power      Damage    Failure   Level
 Blink                    Tloc           16%        N/A       17%         2
 Lesser Beckoning         Tloc           16%        N/A       17%         2
 Maxwell's Portable Pile  Tloc           8%         2d(6-16)  32%         3
 Teleport Other           Tloc           8%         N/A       32%         3
 Vhi's Electric Charge    Tloc/Air       8%         N/A       88%         4


Dungeon Overview and Level Annotations

Branches:
Dungeon (4/15) Zot: 22474  Temple (1/1) D:4 Zot: 5913

Altars:
Dithmenos
Kikubaaqudgha
Makhleb
Nemelex Xobeh
Okawaru
Uskayaw
Wu Jian
Xom

Shops:
D:2 ?

Annotations:
D:2 Terence
D:4 Menkaure


Innate Abilities, Weirdness & Mutations

You regenerate magic rapidly.
Your touch may inflict minor irresistible damage on your foes.


Message History

Unknown command.
You close the door.
Found 13 gold pieces.
Found 7 gold pieces.
You now have enough gold to buy a scroll of blinking on D:2.
You can access your shopping list by pressing '$'.
You now have 77 gold pieces (gained 13).
You now have 84 gold pieces (gained 7).
You open the door.
There is an open door here.
You open the door.
There is an open door here.
Found a stone staircase leading up.
There is a stone staircase leading up here.
You climb upwards.
Level annotation: Terence
There is a stone staircase leading down here.
Okay, then.
Unknown command.
Unknown command.
A gnoll comes into view. It is wielding a +0 halberd.
A gnoll is nearby!
A gnoll is nearby!
A gnoll is nearby!
The gnoll shouts!
A gnoll comes into view. It is wielding a +0 flail.
The gnoll closely misses you. The gnoll barely misses you.
You hit the gnoll. Your touch misses the gnoll.
The gnoll is moderately wounded.
The gnoll hits you with a +0 halberd!
You hit the gnoll.
The gnoll is severely wounded.
The gnoll hits you with a +0 halberd.
You closely miss the gnoll. Your touch misses the gnoll.
The gnoll is severely wounded.
The gnoll hits you with a +0 halberd!
Ouch! That really hurt!
You die...
Your body disappears without a glow.

#..##########
#.#.#
#..>........#
#.#.#
#.#########.#
#.#.# # #.# #.#g#
#.# #.#.#
#.####.#.#
#.#....#.#
########.#.####.#
............@g..#
########.#.######
#.#.# #.#.# #.#.#
#.#.# #.#.# #.#.#
#..


You could see a gnoll.

Vanquished Creatures
  An adder (D:3)
  2 dart slugs
  A ribbon worm (D:2)
  A ball python (D:1)
  3 bats
  5 endoplasms
  2 hobgoblins
  2 frilled lizards
  2 kobolds (D:1)
  2 rats
21 creatures vanquished.

Notes
Turn   | Place    | Note
-------+----------+-------------------------------------------
     0 | D:1      | gameguard the Demonspawn Warper began the quest for the
                  | Orb.
     0 | D:1      | Reached XP level 1. HP: 16/16 MP: 3/3
   115 | D:1      | Found a faded altar of an unknown god.
   308 | D:1      | Gained mutation: Your touch may inflict minor irresistible
                  | damage on your foes. [demonic ancestry]
   308 | D:1      | Reached XP level 2. HP: 13/23 MP: 5/5
   777 | D:2      | Found Ususk's Magic Scroll Shoppe.
   785 | D:2      | Bought a scroll of identify for 20 gold pieces
   983 | D:2      | Noticed Terence
  1156 | D:2      | You fall into a shaft and drop 2 floors!
  1186 | D:4      | Noticed Menkaure
  1220 | D:4      | Found a staircase to the Ecumenical Temple.
  1224 | Temple   | Entered the Ecumenical Temple
  1282 | Temple   | Became a worshipper of Nemelex Xobeh the Trickster
  1445 | D:3      | Gained mutation: You regenerate magic rapidly. [demonic
                  | ancestry]
  1445 | D:3      | Reached XP level 3. HP: 24/28 MP: 6/6
  1616 | D:2      | Slain by a gnoll

Illustrated notes

Levels and vault maps discovered:
D:1:      lemuel_arrival_river_bridge, layout_basic,
          hellmonk_ecumenical_altar_heavens_door
D:2:      layout_basic, serial_shops, shop_fountains, hex_intersection,
          uniq_terence
D:3:      minmay_door_path, layout_basic, overflow_temple_1_default,
          elyvilon_altar_1, mainiacjoe_overflow_brackets
D:4:      layout_loops_ring, nicolae_overflow_hidden_temple,
          mainiacjoe_overflow_tiny_flanked, temple_statues, minmay_shop_damaged,
          uniq_menkaure, uniq_duvessa
Temple:   pf_temple_reverse_labyrinth

Skill      XL: |  1 |
---------------+----+-----
Long Blades    | 2 |  2.8
Fighting       | |  2.8
Throwing       | |  0.8
Armour         | |  0.8
Dodging        | |  1.7
Spellcasting   | |  2.0
Translocations | |  2.6

Action                     || total
---------------------------++-------
  Melee: Falchion          ||    65
         Touch             ||     6
    Use: Scroll            ||     5
         Potion            ||     4
 Armour: Leather armour    ||    42
  Dodge: Dodged            ||    52

Table legend: (Time is in decaauts)
 A = Elapsed time spent in this place.
 B = Non-inter-level travel time spent in this place.
 C = Inter-level travel time spent in this place.
 D = Time resting spent in this place.
 E = Time spent auto-exploring this place.
 F = Levels seen in this place.
 G = Mean time per level.
                   A        B        C        D        E       F      G
               +--------+--------+--------+--------+--------+-----+--------+
         Total |   1611 |   1482 |    129 |    173 |    327 |   5 |  322.2 |
       Dungeon |   1524 |   1455 |     69 |    158 |    327 |   4 |  381.0 |
        Temple |     86 |     27 |     59 |     15 |      0 |   1 |   86.0 |
               +--------+--------+--------+--------+--------+-----+--------+

Top non-repeatable levels by time:
     D:1: 820 daAuts
     D:2: 427 daAuts
     D:3: 205 daAuts
  Temple: 86 daAuts
     D:4: 71 daAuts
